 Dungeon Crawl Stone Soup version 0.31-a0-875-g02e7d12df6 (webtiles) character file.

Game seed: 7736826390813500623

5445 Newt the Covert (level 11, -1/61 HPs)
             Began as a Kobold Hunter on Oct 12, 2023.
             Was a Priest of Hepliaklqana.
             Slain by a two-headed ogre
             ... wielding a +0 giant spiked club
              (20 damage)
             ... on level 10 of the Dungeon.
             The game lasted 00:08:28 (9206 turns).

Newt the Covert (Kobold Hunter)                     Turns: 9206, Time: 00:08:29

Health: -1/61      AC:  6    Str: 19    XL:     11   Next: 0%
Magic:  11/11      EV: 21    Int: 10    God:    Hepliaklqana [***...]
Gold:   459        SH:  5    Dex: 33    Spells: 10/10 levels left

rFire   . . .        x - +8 short sword "Duorycs" {heavy, rPois Str+4 Dex+4}
rCold   . . .        (no shield)
rNeg    . . .        c - +0 leather armour
rPois   +            (no helmet)
rElec   .            (no cloak)
rCorr   .            i - +0 pair of gloves
SInv    .            g - +1 pair of boots
Will    .....        A - amulet of reflection
Stlth   +++++++      f - +6 ring of dexterity
HPRegen 0.30/turn    k - +6 ring of strength
MPRegen 0.12/turn

%: reflection
@: no status effects
A: reduced essence, small, no large weapons, nightstalker 3
a: Renounce Religion, Recall Ancestor, Ancestor Identity, Transference


You were on level 10 of the Dungeon.
You worshipped Hepliaklqana.
Hepliaklqana was most pleased with you.
You visited 2 branches of the dungeon, and saw 11 of its levels.

You collected 689 gold pieces.
You spent 230 gold pieces at shops.

Inventory:

Hand Weapons
 a - a +1 shortbow
 x - the +8 short sword "Duorycs" (weapon) {heavy, rPois Str+4 Dex+4}
   (You found it on level 5 of the Dungeon)

   Str+4:     It affects your strength (+4).
   Dex+4:     It affects your dexterity (+4).
   rPois:     It protects you from poison
Missiles
 E - a throwing net
Armour
 c - a +0 leather armour (worn)
 g - a +1 pair of boots (worn)
 i - a +0 pair of gloves (worn)
 G - a +0 kite shield
Jewellery
 f - a +6 ring of dexterity (left hand)
 k - a +6 ring of strength (right hand)
 n - an amulet of magic regeneration
 s - a +6 ring of intelligence
 A - an amulet of reflection (around neck)
 C - a ring of resist corrosion
 D - a ring of protection from fire
Wands
 t - a wand of roots (3)
Scrolls
 b - a scroll of butterflies
 d - a scroll of identify
 e - 3 scrolls of teleportation
 j - 4 scrolls of noise
 l - 2 scrolls of fear
 p - 2 scrolls of immolation
 q - 5 scrolls of poison
 u - 3 scrolls of vulnerability
 y - a scroll of fog
Potions
 h - 2 potions of lignification
 m - a potion of heal wounds
 o - a potion of curing
 r - 3 potions of brilliance
 v - a potion of might
 w - 3 potions of enlightenment
 z - a potion of degeneration
 B - 2 potions of cancellation {unknown}


   Skills:
 - Level 8.0 Fighting
 - Level 5.0 Short Blades
 - Level 9.9 Ranged Weapons
 - Level 6.0 Dodging
 + Level 13.9 Stealth
 - Level 5.0 Evocations


You had 10 spell levels left.
You didn't know any spells.
Your spell library contained the following spells:

 Spells                   Type           Power      Damage    Failure   Level
 Magic Dart               Conj           0%         1d3       41%         1
 Blink                    Tloc           0%         N/A       56%         2
 Call Imp                 Summ           0%         N/A       56%         2
 Lesser Beckoning         Tloc           0%         N/A       56%         2
 Momentum Strike          Conj/Tloc      0%         3d8       56%         2
 Mephitic Cloud           Conj/Pois/Air  0%         N/A       80%         3


Dungeon Overview and Level Annotations

Branches:
Dungeon (10/15)            Temple (1/1) D:4            Lair (0/5) D:9
    Orc: D:9-12

Altars:
Ashenzari
Cheibriados
Dithmenos
Elyvilon
Fedhas
Gozag
Hepliaklqana
Kikubaaqudgha
Makhleb
Nemelex Xobeh
Okawaru
Qazlal
Ru
Sif Muna
Trog
Uskayaw
Vehumet
Wu Jian
Xom
Yredelemnul
Zin
The Shining One

Shops:
D:1 ?[*?:   D:4 *   D:9 (


Innate Abilities, Weirdness & Mutations

Your life essence is reduced to manifest your ancestor. (-10% HP)
You are small and have problems with some larger weapons.
You are completely attuned to the shadows.


Message History

You open the door.
There is an open door here.
You swap places.
There is an open door here.
A two-headed ogre comes into view.
It is wielding a +0 giant spiked club and a +0 giant club.
The two-headed ogre closely misses you.
The two-headed ogre completely misses you.
You hit the two-headed ogre.
The two-headed ogre is lightly wounded.
You puncture the two-headed ogre!
The two-headed ogre is moderately wounded.
Cipactli hits the two-headed ogre with a +0 flail!
The two-headed ogre hits you with a +0 giant spiked club!!
The two-headed ogre closely misses you.
You hit the two-headed ogre but do no damage.
The two-headed ogre is moderately wounded.
Cipactli hits the two-headed ogre with a +0 flail.
The two-headed ogre hits you with a +0 giant spiked club!!
* * * LOW HITPOINT WARNING * * *
The two-headed ogre closely misses you.
Unknown command.
Unknown command.
Aiming: Fastroot
Press: ? - help, Shift-Dir - straight line, f - two-headed ogre
Aim: a two-headed ogre, wielding a +0 giant spiked club and a +0 giant club (heavily wounded, ally target)
The roots erupt in riotous growth!
Roots grab the two-headed ogre.
Cipactli avoids your attack.
The grasping roots constrict the two-headed ogre!
You hear a shout!
Cipactli hits the two-headed ogre with a +0 flail!
The two-headed ogre hits Cipactli with a +0 giant spiked club!
The two-headed ogre hits Cipactli with a +0 giant club!
Unknown command.
Unknown command.
The grasping roots constrict the two-headed ogre!
Cipactli hits the two-headed ogre with a +0 flail.
The two-headed ogre barely misses you.
The two-headed ogre hits you with a +0 giant club!!
You die...

*,,**,,,,*,,,***,,,,,,,,,,,,,,,,
*,,,,,,,,,,,,,,,,,,,,,,,,,,,,,,,
*,,,,,*****************+********
*,***,* *,,,,,,,,,,,,, *,***,*
*,,,,,,,,,,,,,
*,,,,,****#############,,****,,,
*,,,,,,,,,............#,,****,,,
*,*******,....O..####.#,,,,,,,,,
*,* *,.(..R@.####.#,,,,,,,,,
*,*******,............#,,,,,,,,,
*,,,,,,,,,............####,***,,
*,,,,**+**#####..........#,***,,
*,,,,*,,,,....#.##....##.#,,,,,,
*,,,,*,,,,....'.##....##.#,,,,,,
*,,,,*,,,,....#.##....##.#,,,,,,
*,,,,*,,,,....#.##....##.#,,,,,,
*,,,,*,,,,.####..........#**####


You could see the friendly Cipactli the knight and a two-headed ogre (rooted,
ally target).

Vanquished Creatures
  A troll (D:7)
  2 wyverns (D:9)
  5 yaks (D:9)
  Edmund (D:5)
  A sky beast (D:7)
  3 water moccasins
  An ice beast (D:7)
  2 black bears (D:5)
  An orc warrior (D:7)
  3 ogres (D:6)
  3 centaurs
  4 phantoms
  A bullfrog (D:8)
  5 scorpions
  2 howler monkeys
  An electric eel (D:8)
  5 hounds
  A jelly (D:7)
  2 orc priests
  A gnoll bouda (D:8)
  4 iguanas
  4 sleepcaps
  Natasha (thrice) (D:4)
  6 orc wizards
  6 adders
  3 gnolls (D:8)
  A worm (D:3)
  2 dart slugs (D:4)
  36 orcs
  5 endoplasms
  3 giant cockroaches
  5 goblins
  7 hobgoblins
  15 kobolds
  4 quokkas
  10 ball pythons
  5 bats
  5 frilled lizards
  6 rats
175 creatures vanquished.

Vanquished Creatures (collateral kills)
  A tengu warrior (D:9)
  A yak (D:9)
  A wyvern (D:9)
  An orc warrior (D:9)
  An ogre (D:6)
  A kobold brigand (D:8)
  A jelly (D:7)
  An orc wizard (D:8)
  An iguana (D:9)
  A gnoll (D:8)
  A white imp (D:8)
  4 orcs (D:8)
  2 kobolds (D:8)
17 creatures vanquished.

Vanquished Creatures (others)
  A knight (D:9)
1 creature vanquished.

Grand Total: 193 creatures vanquished

Notes
Turn   | Place    | Note
-------+----------+-------------------------------------------
     0 | D:1      | Newt the Kobold Hunter began the quest for the Orb.
     0 | D:1      | Reached XP level 1. HP: 12/12 MP: 1/1
    78 | D:1      | You fall into a shaft and drop 1 floor!
    94 | D:1      | Found Regeucuth's Magic Scroll Boutique.
    96 | D:1      | Bought a scroll of identify for 20 gold pieces
   108 | D:1      | Reached XP level 2. HP: 18/18 MP: 2/2
   120 | D:1      | Found Betrarot's Assorted Antiques.
   135 | D:1      | Found Pialop's Magic Scroll Shop.
   154 | D:1      | Found Ywysaw's Book Emporium.
   355 | D:1      | Reached XP level 3. HP: 23/23 MP: 3/3
   642 | D:1      | Found Xeuc Ate's Armour Boutique.
   786 | D:1      | Bought a scroll of identify for 20 gold pieces
   786 | D:1      | Bought a scroll of identify for 20 gold pieces
   786 | D:1      | Bought a scroll of noise for 10 gold pieces
  1325 | D:2      | Reached XP level 4. HP: 30/30 MP: 4/4
  1952 | D:3      | Reached skill level 5 in Fighting
  1994 | D:3      | Found a glowing silver altar of Zin.
  2519 | D:4      | Reached XP level 5. HP: 22/35 MP: 5/5
  2842 | D:4      | Found Gozag's Platinum Reserve.
  2924 | D:4      | Found an opulent altar of Gozag.
  3000 | D:4      | Noticed Natasha
  3004 | D:4      | Killed Natasha
  3005 | D:4      | Reached XP level 6. HP: 40/40 MP: 6/6
  3377 | D:4      | Noticed Natasha
  3381 | D:4      | Killed Natasha
  3445 | D:4      | Reached XP level 7. HP: 44/44 MP: 7/7
  3445 | D:4      | Found a staircase to the Ecumenical Temple.
  3498 | Temple   | Entered the Ecumenical Temple
  3509 | Temple   | Became a worshipper of Hepliaklqana the Forgotten
  3804 | D:1      | Bought 3 scrolls of identify for 60 gold pieces
  3804 | D:1      | Bought a scroll of poison for 40 gold pieces
  3804 | D:1      | Bought a scroll of identify for 20 gold pieces
  3804 | D:1      | Bought a scroll of fear for 40 gold pieces
  3965 | D:5      | Entered Level 5 of the Dungeon
  4018 | D:4      | Noticed Natasha
  4020 | D:4      | Killed Natasha
  4230 | D:5      | Identified the +8 short sword "Duorycs" {heavy, rPois Str+4
                  | Dex+4}
  4318 | D:5      | Reached skill level 1 in Short Blades
  4552 | D:5      | Reached XP level 8. HP: 46/49 MP: 8/8
  4579 | D:5      | Noticed Edmund
  4593 | D:5      | Killed Edmund
  4594 | D:5      | Reached skill level 5 in Short Blades
  4594 | D:5      | Reached skill level 3 in Stealth
  4978 | D:5      | Reached skill level 4 in Stealth
  4991 | D:5      | Reached skill level 5 in Stealth
  5102 | D:6      | Reached * piety under Hepliaklqana
  5248 | D:6      | Reached skill level 5 in Dodging
  5553 | D:6      | Reached XP level 9. HP: 48/48 MP: 9/9
  5706 | D:6      | Found a sparkling altar of Nemelex Xobeh.
  5706 | D:6      | Found a burning altar of Makhleb.
  5792 | D:6      | Reached skill level 6 in Stealth
  5808 | D:6      | Reached skill level 7 in Stealth
  6055 | D:6      | Reached skill level 8 in Stealth
  6247 | D:7      | Reached skill level 9 in Stealth
  6377 | D:7      | Reached ** piety under Hepliaklqana
  6378 | D:7      | Remembered your ancestor Cipactli as a knight
  6389 | D:7      | Found a glowing golden altar of the Shining One.
  6471 | D:7      | Reached skill level 10 in Stealth
  6517 | D:7      | Reached skill level 1 in Evocations
  6605 | D:7      | Noticed a troll
  6609 | D:7      | Killed a troll
  6648 | D:7      | Found a shadowy altar of Dithmenos.
  7014 | D:8      | Reached skill level 5 in Evocations
  7144 | D:8      | Reached *** piety under Hepliaklqana
  7152 | D:8      | Reached XP level 10. HP: 14/54 MP: 10/10
  8067 | D:9      | Found a staircase to the Lair.
  8087 | D:9      | Reached skill level 11 in Stealth
  8353 | D:9      | Reached skill level 12 in Stealth
  8571 | D:9      | Found Quit's Firing Range.
  8808 | D:9      | Noticed a tengu warrior
  8815 | D:9      | Killed a tengu warrior
  8816 | D:9      | Reached skill level 13 in Stealth
  8935 | D:9      | Reached XP level 11. HP: 31/61 MP: 11/11
  8962 | D:10     | Entered Level 10 of the Dungeon
  9198 | D:10     | Noticed a two-headed ogre
  9206 | D:10     | Slain by a two-headed ogre

Illustrated notes

Levels and vault maps discovered:
D:1:      dpeg_arrival_pond, layout_loops_ring, serial_shops,
          nicolae_shop_tiny_waterfront, shop, nicolae_shop_tiny_real_fake_doors,
          shop, shop
D:2:      layout_basic
D:3:      layout_loops_ring, marbit_many_paths
D:4:      layout_basic, nicolae_gozag_zags_fifth_avenue,
          minmay_temple_entry_statues, saegor_snake_ambush, uniq_natasha
D:5:      layout_rooms, uniq_edmund
D:6:      layout_basic, gammafunk_temple_overflow_elements
D:7:      layout_cave_pools, grunt_dithmenos_smoke_and_mirrors, tso_metal_star
D:8:      layout_rooms, serial_bayou_ford_a, eino_small_chamber_without_monster
D:9:      layout_cave_pools, minmay_lair_entry_grove, david_orc_5,
          nicolae_shop_firing_range
D:10:     layout_stronghold, uniq_psyche
Temple:   nicolae_temple_bog_church

Skill      XL: |  1  2  3  4  5  6  7  8  9 10 |
---------------+-------------------------------+-----
Fighting       | 3 4 5 8 |  8.0
Ranged Weapons | 7 9 |  9.9
Short Blades   | 4 5 |  5.0
Stealth        | 5 10 13 | 13.9
Dodging        | 6 |  6.0
Evocations     | 5 |  5.0

Action                     |  1- 3 |  4- 6 |  7- 9 | 10-12 || total
---------------------------+-------+-------+-------+-------++-------
  Melee: Short sword       |       |       |   116 |    72 ||   188
         Punch             |       |       |       |     1 ||     1
   Fire: Shortbow          |    78 |   167 |    39 |       ||   284
 Invoke: Recall Ancestor   |       |       |     1 |     1 ||     2
         Ancestor Life: Kn |       |       |     1 |       ||     1
  Evoke: Wand              |       |       |       |     1 ||     1
    Use: Scroll            |     3 |     3 |     7 |     4 ||    17
         Potion            |       |       |     2 |       ||     2
   Stab: Sleeping          |       |       |    23 |    11 ||    34
         Distracted        |       |       |     2 |     3 ||     5
 Armour: Leather armour    |    12 |    23 |    64 |    42 ||   141
  Dodge: Dodged            |    27 |    64 |   130 |    77 ||   298
  Block: Other             |       |       |       |     3 ||     3

Table legend: (Time is in decaauts)
 A = Elapsed time spent in this place.
 B = Non-inter-level travel time spent in this place.
 C = Inter-level travel time spent in this place.
 D = Time resting spent in this place.
 E = Time spent auto-exploring this place.
 F = Levels seen in this place.
 G = Mean time per level.
                   A        B        C        D        E       F      G
               +--------+--------+--------+--------+--------+-----+--------+
         Total |   9319 |   8769 |    550 |   1619 |   6037 |  11 |  847.2 |
       Dungeon |   9295 |   8768 |    527 |   1619 |   6037 |  10 |  929.5 |
        Temple |     23 |      1 |     22 |      0 |      0 |   1 |   23.0 |
               +--------+--------+--------+--------+--------+-----+--------+

Top non-repeatable levels by time:
     D:4: 1496 daAuts
     D:6: 1255 daAuts
     D:8: 1236 daAuts
     D:3: 989 daAuts
     D:5: 888 daAuts
     D:2: 876 daAuts
     D:1: 854 daAuts
     D:9: 743 daAuts
     D:7: 710 daAuts
    D:10: 243 daAuts
  Temple: 23 daAuts
